 Dungeon Crawl Stone Soup version 0.22-a0-142-g91cc6d7 (webtiles) character file.

259 varam the Charmwright (level 6, 0/50 HPs)
             Began as a Gnoll Skald on Feb 5, 2018.
             Slain by a gnoll
             ... wielding a +0 spear
              (3 damage)
             ... on level 3 of the Dungeon.
             The game lasted 00:05:28 (2287 turns).

varam the Charmwright (Gnoll Skald)                 Turns: 2287, Time: 00:05:28

Health: 0/50       AC:  6    Str: 13    XL:     6   Next: 17%
Magic:  13/13      EV: 14    Int: 17    God:
Gold:   212        SH:  5    Dex: 15    Spells: 12/15 levels left

rFire    . . .     SeeInvis .   a - +0 falchion
rCold    . . .     Gourm    .   (no shield)
rNeg     . . .     Faith    .   b - +0 leather armour
rPois    .         Spirit   .   (no helmet)
rElec    .         Reflect  +   f - +2 cloak
rCorr    .         Harm     .   (no gloves)
MR       .....                  (no boots)
Stlth    ++........             l - +5 amulet of reflection
HPRegen  0.16/turn              (no ring)
MPRegen  0.13/turn              (no ring)

@: singing
A: distributed training, fangs 1, strong nose
a: no special abilities


You were on level 3 of the Dungeon.
You were not hungry.

You visited 1 branch of the dungeon, and saw 3 of its levels.

You collected 212 gold pieces.

Inventory:

Hand Weapons
 a - a +0 falchion (weapon)
Armour
 b - a +0 leather armour (worn)
 f - a +2 cloak (worn)
Jewellery
 l - a +5 amulet of reflection (around neck)
Wands
 p - a wand of flame (26)
Scrolls
 e - a scroll of magic mapping {unknown}
 g - 2 scrolls of enchant armour {unknown}
 h - 3 scrolls of identify {unknown}
 n - 3 scrolls of remove curse {unknown}
 o - a scroll of fog {unknown}
Potions
 i - a potion of haste {unknown}
 j - a potion of might {unknown}
 m - a potion of curing {unknown}
Books
 c - a book of Battle

   Spells                             Type                      Level
   a - Infusion                       Charms                       1
   b - Shroud of Golubria             Charms/Translocation         2
   c - Song of Slaying                Charms                       2
   d - Spectral Weapon                Hexes/Charms                 3
   e - Regeneration                   Charms/Necromancy            3
Comestibles
 d - 4 rations
 k - 2 chunks of flesh


   Skills:
 + Level 4.9 Fighting
 + Level 1.8 Short Blades
 + Level 4.9 Long Blades
 + Level 1.8 Axes
 + Level 1.8 Maces & Flails
 + Level 1.8 Polearms
 + Level 1.8 Staves
 + Level 1.8 Slings
 + Level 1.8 Bows
 + Level 1.8 Crossbows
 + Level 1.8 Throwing
 + Level 3.1 Armour
 + Level 4.9 Dodging
 + Level 1.8 Stealth
 + Level 1.8 Shields
 + Level 1.8 Unarmed Combat
 + Level 5.3 Spellcasting
 + Level 1.4 Conjurations
 + Level 1.4 Hexes
 + Level 5.6 Charms
 + Level 1.4 Summonings
 + Level 1.4 Necromancy
 + Level 1.4 Translocations
 + Level 1.4 Transmutations
 + Level 1.4 Fire Magic
 + Level 1.4 Ice Magic
 + Level 1.4 Air Magic
 + Level 1.4 Earth Magic
 + Level 1.4 Poison Magic
 + Level 2.0 Invocations
 + Level 1.8 Evocations


You had 12 spell levels left.
You knew the following spells:

 Your Spells              Type           Power        Failure   Level  Hunger
a - Infusion              Chrm           ###.         1%          1    None
b - Song of Slaying       Chrm           ###.....     2%          2    #......


Dungeon Overview and Level Annotations

Branches:
Dungeon (3/15)

Altars:
Fedhas
Qazlal
Xom

Annotations:
D:2 Sigmund


Innate Abilities, Weirdness & Mutations

Your experience applies equally to all skills.
You have very sharp teeth.
Your uncanny sense of smell can sniff out nearby items.


Message History

The gnoll is heavily wounded.
The gnoll barely misses you. The gnoll hits you with a spear.
You hit the gnoll.
The gnoll is severely wounded.
The gnoll hits you with a halberd. You block the gnoll's attack.
You hit the gnoll.
You kill the gnoll!
The gnoll hits you with a spear.
You closely miss the gnoll. You block the gnoll's attack.
Your leather armour prevents you from hitting the gnoll.
You block the gnoll's attack.
You completely miss the gnoll. You block the gnoll's attack.
You barely miss the gnoll. The gnoll misses you.
You completely miss the gnoll. The gnoll completely misses you.
You hit the gnoll but do no damage. The gnoll hits you with a spear.
You barely miss the gnoll. You bite the gnoll, but do no damage.
The gnoll hits you with a spear!
* * * LOW HITPOINT WARNING * * *
You closely miss the gnoll. The gnoll hits you with a spear.
You die...

..# #.###.#.. ..#
#........####.....###
..#
#....................
###
#........############
#........# #........#
#.?......# #########
#..g)....# #........
#@# #.####### #.# #.#
######.# #.# #......#
#.####### #####.######
#.#...... #.......#
#........ #.###.#.#
###.#####
#.###.#.#############.#
#.....#...............#


You could see a gnoll.

Vanquished Creatures
  An orc priest (D:3)
  2 orc wizards (D:3)
  Terence (D:3)
  Robin (D:2)
  2 gnolls (D:3)
  3 adders
  2 worms
  A dart slug (D:3)
  2 leopard geckos (D:1)
  10 orcs (D:3)
  2 giant cockroaches (D:2)
  13 goblins
  6 hobgoblins (D:2)
  6 jackals
  A ball python (D:3)
  5 bats
  3 frilled lizards
  9 kobolds
  5 rats
75 creatures vanquished.

Notes
Turn   | Place    | Note
-------+----------+-------------------------------------------
     0 | D:1      | varam the Gnoll Skald began the quest for the Orb.
     0 | D:1      | Reached XP level 1. HP: 20/20 MP: 6/6
   130 | D:1      | Reached XP level 2. HP: 19/26 MP: 7/7
   656 | D:2      | Found a blossoming altar of Fedhas.
   662 | D:2      | Found a stormy altar of Qazlal.
   687 | D:2      | Reached XP level 3. HP: 28/31 MP: 3/9
   722 | D:2      | Learned a level 2 spell: Song of Slaying
   732 | D:2      | Noticed Robin
   742 | D:2      | Reached skill level 5 in Spellcasting
   848 | D:2      | Killed Robin
   848 | D:2      | Reached skill level 1 in Invocations
   954 | D:2      | Reached skill level 1 in Short Blades
   954 | D:2      | Reached skill level 1 in Axes
   954 | D:2      | Reached skill level 1 in Maces & Flails
   954 | D:2      | Reached skill level 1 in Polearms
   954 | D:2      | Reached skill level 1 in Staves
   954 | D:2      | Reached skill level 1 in Slings
   954 | D:2      | Reached skill level 1 in Bows
   954 | D:2      | Reached skill level 1 in Crossbows
   954 | D:2      | Reached skill level 1 in Throwing
   954 | D:2      | Reached skill level 1 in Stealth
   954 | D:2      | Reached skill level 1 in Shields
   954 | D:2      | Reached skill level 1 in Unarmed Combat
   954 | D:2      | Reached skill level 1 in Evocations
   987 | D:2      | Reached XP level 4. HP: 26/38 MP: 11/11
  1097 | D:2      | Noticed Sigmund
  1294 | D:3      | Found a shimmering altar of Xom.
  1297 | D:3      | Noticed Terence
  1315 | D:3      | Killed Terence
  1315 | D:3      | Reached skill level 1 in Conjurations
  1315 | D:3      | Reached skill level 1 in Hexes
  1315 | D:3      | Reached skill level 1 in Summonings
  1315 | D:3      | Reached skill level 1 in Necromancy
  1315 | D:3      | Reached skill level 1 in Translocations
  1315 | D:3      | Reached skill level 1 in Transmutations
  1315 | D:3      | Reached skill level 1 in Fire Magic
  1315 | D:3      | Reached skill level 1 in Ice Magic
  1315 | D:3      | Reached skill level 1 in Air Magic
  1315 | D:3      | Reached skill level 1 in Earth Magic
  1315 | D:3      | Reached skill level 1 in Poison Magic
  1324 | D:3      | HP: 3/38 [orc wizard/magic dart (7)]
  1324 | D:3      | HP: 1/38 [jackal (2)]
  1334 | D:3      | Reached XP level 5. HP: 5/43 MP: 12/12
  1776 | D:3      | Reached skill level 3 in Armour
  1895 | D:3      | Reached skill level 2 in Invocations
  1895 | D:3      | Reached XP level 6. HP: 10/50 MP: 13/13
  2286 | D:3      | HP: 3/50 [gnoll/spear (10)]
  2287 | D:3      | Slain by a gnoll

Vault maps used:
D:1:      lightli_arrival_quake
D:2:      grunt_temple_overflow_forces_of_nature, lightli_temple_of_fire,
          minmay_box_of_dots, uniq_robin, uniq_sigmund
D:3:      brannock_xom_greatest_gift, first_ration, uniq_terence

Skill      XL: |  1  2  3  4  5 |
---------------+----------------+-----
Spellcasting   | 5 |  5.3
Invocations    | 1 2 |  2.0
Short Blades   | 1 |  1.8
Axes           | 1 |  1.8
Maces & Flails | 1 |  1.8
Polearms       | 1 |  1.8
Staves         | 1 |  1.8
Slings         | 1 |  1.8
Bows           | 1 |  1.8
Crossbows      | 1 |  1.8
Throwing       | 1 |  1.8
Stealth        | 1 |  1.8
Shields        | 1 |  1.8
Unarmed Combat | 1 |  1.8
Evocations     | 1 |  1.8
Conjurations   | 1 |  1.4
Hexes          | 1 |  1.4
Summonings     | 1 |  1.4
Necromancy     | 1 |  1.4
Translocations | 1 |  1.4
Transmutations | 1 |  1.4
Fire Magic     | 1 |  1.4
Ice Magic      | 1 |  1.4
Air Magic      | 1 |  1.4
Earth Magic    | 1 |  1.4
Poison Magic   | 1 |  1.4
Armour         | 3 |  3.1
Fighting       | |  4.9
Long Blades    | |  4.9
Dodging        | |  4.9
Charms         | |  5.6

Action                   |  1- 3 |  4- 6 || total
-------------------------+-------+-------++-------
Melee: Falchion          |    92 |   148 ||   240
       Bite              |    16 |    23 ||    39
       Punch             |       |     1 ||     1
 Cast: Infusion          |     6 |       ||     6
       Song of Slaying   |     1 |     1 ||     2
  Use: Potion            |       |     2 ||     2
 Stab: Sleeping          |     1 |       ||     1
  Eat: Chunk             |       |     5 ||     5
Armor: Leather armour    |    16 |    31 ||    47
Dodge: Dodged            |    75 |    76 ||   151
Block: Other             |    13 |    38 ||    51
       Rpst.: Falchion   |    28 |    24 ||    52

Table legend:
 A = Spawn XP
 B = Non-spawn XP
 C = Spawn XP percentage of total XP
 D = Spawn monster count
 E = Non-spawn monster count
 F = Spawn count percentage of total count
 G = Total turns spent on level
                    A         B        C        D         E        F      G
               +---------+---------+-------+---------+---------+-------+---------
         Total |       0 |     370 |   0.0 |       0 |      75 |   0.0 |  2287
               +---------+---------+-------+---------+---------+-------+---------
           D:1 |       0 |      23 |   0.0 |       0 |      13 |   0.0 |   693
           D:2 |       0 |      71 |   0.0 |       0 |      25 |   0.0 |   477
           D:3 |       0 |     276 |   0.0 |       0 |      37 |   0.0 |  1117
               +---------+---------+-------+---------+---------+-------+---------
